[gd_scene load_steps=48 format=2]

[ext_resource path="res://Scripts/Character.gd" type="Script" id=1]
[ext_resource path="res://Assets/Sheets/Adventurer/single/Idle/tile000.png" type="Texture" id=2]
[ext_resource path="res://Assets/Sheets/Adventurer/single/Get Down/tile000.png" type="Texture" id=3]
[ext_resource path="res://Assets/Sheets/Adventurer/single/Get Down/tile001.png" type="Texture" id=4]
[ext_resource path="res://Assets/Sheets/Adventurer/single/Get Down/tile002.png" type="Texture" id=5]
[ext_resource path="res://Assets/Sheets/Adventurer/single/Get Down/tile003.png" type="Texture" id=6]
[ext_resource path="res://Assets/Sheets/Adventurer/single/Hit/tile004.png" type="Texture" id=7]
[ext_resource path="res://Assets/Sheets/Adventurer/single/Hit/tile001.png" type="Texture" id=8]
[ext_resource path="res://Assets/Sheets/Adventurer/single/Hit/tile002.png" type="Texture" id=9]
[ext_resource path="res://Assets/Sheets/Adventurer/single/Hit/tile003.png" type="Texture" id=10]
[ext_resource path="res://Assets/Sheets/Adventurer/single/Idle/tile001.png" type="Texture" id=11]
[ext_resource path="res://Assets/Sheets/Adventurer/single/Idle/tile002.png" type="Texture" id=12]
[ext_resource path="res://Assets/Sheets/Adventurer/single/Idle/tile003.png" type="Texture" id=13]
[ext_resource path="res://Assets/Sheets/Adventurer/single/Idle/tile004.png" type="Texture" id=14]
[ext_resource path="res://Assets/Sheets/Adventurer/single/Idle/tile005.png" type="Texture" id=15]
[ext_resource path="res://Assets/Sheets/Adventurer/single/Idle/tile006.png" type="Texture" id=16]
[ext_resource path="res://Assets/Sheets/Adventurer/single/Idle/tile007.png" type="Texture" id=17]
[ext_resource path="res://Assets/Sheets/Adventurer/single/Idle/tile008.png" type="Texture" id=18]
[ext_resource path="res://Assets/Sheets/Adventurer/single/Idle/tile009.png" type="Texture" id=19]
[ext_resource path="res://Assets/Sheets/Adventurer/single/Idle/tile010.png" type="Texture" id=20]
[ext_resource path="res://Assets/Sheets/Adventurer/single/Idle/tile011.png" type="Texture" id=21]
[ext_resource path="res://Assets/Sheets/Adventurer/single/Idle/tile012.png" type="Texture" id=22]
[ext_resource path="res://Assets/Sheets/Adventurer/single/Jump Right/tile002.png" type="Texture" id=23]
[ext_resource path="res://Assets/Sheets/Adventurer/single/Jump Right/tile003.png" type="Texture" id=24]
[ext_resource path="res://Assets/Sheets/Adventurer/single/Jump Right/tile004.png" type="Texture" id=25]
[ext_resource path="res://Assets/Sheets/Adventurer/single/Run Right/tile000.png" type="Texture" id=26]
[ext_resource path="res://Assets/Sheets/Adventurer/single/Run Right/tile001.png" type="Texture" id=27]
[ext_resource path="res://Assets/Sheets/Adventurer/single/Run Right/tile002.png" type="Texture" id=28]
[ext_resource path="res://Assets/Sheets/Adventurer/single/Run Right/tile003.png" type="Texture" id=29]
[ext_resource path="res://Assets/Sheets/Adventurer/single/Run Right/tile004.png" type="Texture" id=30]
[ext_resource path="res://Assets/Sheets/Adventurer/single/Run Right/tile005.png" type="Texture" id=31]
[ext_resource path="res://Assets/Sheets/Adventurer/single/Run Right/tile006.png" type="Texture" id=32]
[ext_resource path="res://Assets/Sheets/Adventurer/single/Run Right/tile007.png" type="Texture" id=33]
[ext_resource path="res://Assets/Sheets/Adventurer/single/Throw/tile001.png" type="Texture" id=34]
[ext_resource path="res://Assets/Sheets/Adventurer/single/Throw/tile002.png" type="Texture" id=35]
[ext_resource path="res://Assets/Sheets/Adventurer/single/Throw/tile003.png" type="Texture" id=36]
[ext_resource path="res://Assets/Sheets/Adventurer/single/Throw/tile004.png" type="Texture" id=37]
[ext_resource path="res://Assets/Sheets/Adventurer/single/Throw/tile005.png" type="Texture" id=38]

[sub_resource type="CapsuleShape2D" id=1]
radius = 4.94984
height = 10.671

[sub_resource type="Animation" id=2]
resource_name = "Duck"
length = 0.08
step = 0.02
tracks/0/type = "value"
tracks/0/path = NodePath("Sprite:texture")
tracks/0/interp = 1
tracks/0/loop_wrap = false
tracks/0/imported = false
tracks/0/enabled = true
tracks/0/keys = {
"times": PoolRealArray( 0, 0.02, 0.04, 0.06 ),
"transitions": PoolRealArray( 1, 1, 1, 1 ),
"update": 0,
"values": [ ExtResource( 3 ), ExtResource( 4 ), ExtResource( 5 ), ExtResource( 6 ) ]
}
tracks/1/type = "value"
tracks/1/path = NodePath("CollisionShape2D:position")
tracks/1/interp = 1
tracks/1/loop_wrap = true
tracks/1/imported = false
tracks/1/enabled = true
tracks/1/keys = {
"times": PoolRealArray( 0, 0.02, 0.04, 0.06 ),
"transitions": PoolRealArray( 1, 1, 1, 1 ),
"update": 0,
"values": [ Vector2( 0, -0.566811 ), Vector2( 0, 0.332771 ), Vector2( 0, 0.847 ), Vector2( 1.1566, 2.90319 ) ]
}
tracks/2/type = "value"
tracks/2/path = NodePath("CollisionShape2D:scale")
tracks/2/interp = 1
tracks/2/loop_wrap = true
tracks/2/imported = false
tracks/2/enabled = true
tracks/2/keys = {
"times": PoolRealArray( 0, 0.02, 0.04, 0.06 ),
"transitions": PoolRealArray( 1, 1, 1, 1 ),
"update": 0,
"values": [ Vector2( 1, 0.97656 ), Vector2( 1, 0.9 ), Vector2( 1, 0.85 ), Vector2( 1.1, 0.65 ) ]
}
tracks/3/type = "value"
tracks/3/path = NodePath("Sprite:offset")
tracks/3/interp = 1
tracks/3/loop_wrap = true
tracks/3/imported = false
tracks/3/enabled = true
tracks/3/keys = {
"times": PoolRealArray( 0 ),
"transitions": PoolRealArray( 1 ),
"update": 0,
"values": [ Vector2( 1.981, -5.771 ) ]
}

[sub_resource type="Animation" id=3]
resource_name = "Duck_backw"
length = 0.08
step = 0.02
tracks/0/type = "value"
tracks/0/path = NodePath("Sprite:texture")
tracks/0/interp = 1
tracks/0/loop_wrap = false
tracks/0/imported = false
tracks/0/enabled = true
tracks/0/keys = {
"times": PoolRealArray( 0, 0.02, 0.04, 0.06 ),
"transitions": PoolRealArray( 1, 1, 1, 1 ),
"update": 0,
"values": [ ExtResource( 6 ), ExtResource( 5 ), ExtResource( 4 ), ExtResource( 3 ) ]
}
tracks/1/type = "value"
tracks/1/path = NodePath("CollisionShape2D:position")
tracks/1/interp = 1
tracks/1/loop_wrap = true
tracks/1/imported = false
tracks/1/enabled = true
tracks/1/keys = {
"times": PoolRealArray( 0, 0.02, 0.04, 0.06 ),
"transitions": PoolRealArray( 1, 1, 1, 1 ),
"update": 0,
"values": [ Vector2( 1.1566, 2.90319 ), Vector2( 0, 0.847 ), Vector2( 0, 0.332771 ), Vector2( 0, -0.566811 ) ]
}
tracks/2/type = "value"
tracks/2/path = NodePath("CollisionShape2D:scale")
tracks/2/interp = 1
tracks/2/loop_wrap = true
tracks/2/imported = false
tracks/2/enabled = true
tracks/2/keys = {
"times": PoolRealArray( 0, 0.02, 0.04, 0.06 ),
"transitions": PoolRealArray( 1, 1, 1, 1 ),
"update": 0,
"values": [ Vector2( 1.1, 0.65 ), Vector2( 1, 0.85 ), Vector2( 1, 0.9 ), Vector2( 1, 0.97656 ) ]
}

[sub_resource type="Animation" id=4]
resource_name = "Hit"
step = 0.05
tracks/0/type = "value"
tracks/0/path = NodePath("Sprite:texture")
tracks/0/interp = 1
tracks/0/loop_wrap = true
tracks/0/imported = false
tracks/0/enabled = true
tracks/0/keys = {
"times": PoolRealArray( 0, 0.15, 0.25, 0.3, 0.55, 0.7, 0.95 ),
"transitions": PoolRealArray( 1, 1, 1, 1, 1, 1, 1 ),
"update": 0,
"values": [ ExtResource( 7 ), ExtResource( 8 ), ExtResource( 9 ), ExtResource( 7 ), ExtResource( 9 ), ExtResource( 7 ), ExtResource( 10 ) ]
}
tracks/1/type = "value"
tracks/1/path = NodePath("Sprite:offset")
tracks/1/interp = 1
tracks/1/loop_wrap = true
tracks/1/imported = false
tracks/1/enabled = true
tracks/1/keys = {
"times": PoolRealArray( 0 ),
"transitions": PoolRealArray( 1 ),
"update": 1,
"values": [ Vector2( 1.981, -5.771 ) ]
}
tracks/2/type = "value"
tracks/2/path = NodePath("CollisionShape2D:scale")
tracks/2/interp = 1
tracks/2/loop_wrap = true
tracks/2/imported = false
tracks/2/enabled = true
tracks/2/keys = {
"times": PoolRealArray( 0 ),
"transitions": PoolRealArray( 1 ),
"update": 0,
"values": [ Vector2( 1, 0.97656 ) ]
}
tracks/3/type = "value"
tracks/3/path = NodePath("CollisionShape2D:position")
tracks/3/interp = 1
tracks/3/loop_wrap = true
tracks/3/imported = false
tracks/3/enabled = true
tracks/3/keys = {
"times": PoolRealArray( 0 ),
"transitions": PoolRealArray( 1 ),
"update": 0,
"values": [ Vector2( 0, -0.566811 ) ]
}

[sub_resource type="Animation" id=5]
length = 1.3
loop = true
step = 0.02
tracks/0/type = "value"
tracks/0/path = NodePath("Sprite:texture")
tracks/0/interp = 1
tracks/0/loop_wrap = true
tracks/0/imported = false
tracks/0/enabled = true
tracks/0/keys = {
"times": PoolRealArray( 0, 0.1, 0.2, 0.3, 0.4, 0.5, 0.6, 0.7, 0.8, 0.9, 1, 1.1, 1.2 ),
"transitions": PoolRealArray( 1, 1, 0.999999, 1, 1, 1, 1, 1, 1, 1, 1, 1, 1 ),
"update": 0,
"values": [ ExtResource( 2 ), ExtResource( 11 ), ExtResource( 12 ), ExtResource( 13 ), ExtResource( 14 ), ExtResource( 15 ), ExtResource( 16 ), ExtResource( 17 ), ExtResource( 18 ), ExtResource( 19 ), ExtResource( 20 ), ExtResource( 21 ), ExtResource( 22 ) ]
}
tracks/1/type = "value"
tracks/1/path = NodePath("Sprite:position")
tracks/1/interp = 1
tracks/1/loop_wrap = true
tracks/1/imported = false
tracks/1/enabled = true
tracks/1/keys = {
"times": PoolRealArray( 0 ),
"transitions": PoolRealArray( 1 ),
"update": 0,
"values": [ Vector2( 0, 0 ) ]
}
tracks/2/type = "value"
tracks/2/path = NodePath("CollisionShape2D:position")
tracks/2/interp = 1
tracks/2/loop_wrap = true
tracks/2/imported = false
tracks/2/enabled = true
tracks/2/keys = {
"times": PoolRealArray( 0 ),
"transitions": PoolRealArray( 1 ),
"update": 0,
"values": [ Vector2( 0, -0.566811 ) ]
}
tracks/3/type = "value"
tracks/3/path = NodePath("CollisionShape2D:scale")
tracks/3/interp = 1
tracks/3/loop_wrap = true
tracks/3/imported = false
tracks/3/enabled = true
tracks/3/keys = {
"times": PoolRealArray( 0 ),
"transitions": PoolRealArray( 1 ),
"update": 0,
"values": [ Vector2( 1, 0.97656 ) ]
}
tracks/4/type = "value"
tracks/4/path = NodePath("Sprite:offset")
tracks/4/interp = 1
tracks/4/loop_wrap = true
tracks/4/imported = false
tracks/4/enabled = true
tracks/4/keys = {
"times": PoolRealArray( 0 ),
"transitions": PoolRealArray( 1 ),
"update": 0,
"values": [ Vector2( 1.981, -5.771 ) ]
}

[sub_resource type="Animation" id=6]
length = 0.8
tracks/0/type = "value"
tracks/0/path = NodePath("Sprite:texture")
tracks/0/interp = 1
tracks/0/loop_wrap = false
tracks/0/imported = false
tracks/0/enabled = true
tracks/0/keys = {
"times": PoolRealArray( 0, 0.3, 0.6 ),
"transitions": PoolRealArray( 1, 3.73213, 1 ),
"update": 0,
"values": [ ExtResource( 23 ), ExtResource( 24 ), ExtResource( 25 ) ]
}
tracks/1/type = "value"
tracks/1/path = NodePath("Sprite:offset")
tracks/1/interp = 1
tracks/1/loop_wrap = false
tracks/1/imported = false
tracks/1/enabled = true
tracks/1/keys = {
"times": PoolRealArray( 0, 0.3 ),
"transitions": PoolRealArray( 1, 1 ),
"update": 1,
"values": [ Vector2( 1.4339, -3.82028 ), Vector2( 1.641, -1.739 ) ]
}

[sub_resource type="Animation" id=7]
length = 0.8
loop = true
step = 0.02
tracks/0/type = "value"
tracks/0/path = NodePath("Sprite:texture")
tracks/0/interp = 1
tracks/0/loop_wrap = true
tracks/0/imported = false
tracks/0/enabled = true
tracks/0/keys = {
"times": PoolRealArray( 0, 0.1, 0.2, 0.3, 0.4, 0.5, 0.6, 0.7 ),
"transitions": PoolRealArray( 1, 1, 1, 1, 1, 1, 1, 0.901249 ),
"update": 0,
"values": [ ExtResource( 26 ), ExtResource( 27 ), ExtResource( 28 ), ExtResource( 29 ), ExtResource( 30 ), ExtResource( 31 ), ExtResource( 32 ), ExtResource( 33 ) ]
}
tracks/1/type = "value"
tracks/1/path = NodePath("Sprite:offset")
tracks/1/interp = 1
tracks/1/loop_wrap = true
tracks/1/imported = false
tracks/1/enabled = true
tracks/1/keys = {
"times": PoolRealArray( 0 ),
"transitions": PoolRealArray( 1 ),
"update": 0,
"values": [ Vector2( 1.981, -5.771 ) ]
}

[sub_resource type="Animation" id=8]
length = 0.6
step = 0.02
tracks/0/type = "method"
tracks/0/path = NodePath(".")
tracks/0/interp = 1
tracks/0/loop_wrap = true
tracks/0/imported = false
tracks/0/enabled = true
tracks/0/keys = {
"times": PoolRealArray( 0 ),
"transitions": PoolRealArray( 1 ),
"values": [ {
"args": [  ],
"method": "throw"
} ]
}
tracks/1/type = "value"
tracks/1/path = NodePath("Sprite:texture")
tracks/1/interp = 1
tracks/1/loop_wrap = true
tracks/1/imported = false
tracks/1/enabled = true
tracks/1/keys = {
"times": PoolRealArray( 0, 0.08, 0.18, 0.28, 0.38 ),
"transitions": PoolRealArray( 1, 1, 1, 1, 1 ),
"update": 1,
"values": [ ExtResource( 34 ), ExtResource( 35 ), ExtResource( 36 ), ExtResource( 37 ), ExtResource( 38 ) ]
}
tracks/2/type = "value"
tracks/2/path = NodePath("Sprite:offset")
tracks/2/interp = 1
tracks/2/loop_wrap = true
tracks/2/imported = false
tracks/2/enabled = true
tracks/2/keys = {
"times": PoolRealArray( 0 ),
"transitions": PoolRealArray( 1 ),
"update": 0,
"values": [ Vector2( 1.981, -5.771 ) ]
}

[sub_resource type="CapsuleShape2D" id=9]
radius = 1.56921
height = 10.7918

[node name="Character" type="KinematicBody2D"]
collision_layer = 3
collision_mask = 3
script = ExtResource( 1 )
jump_speed = -200

[node name="Sprite" type="Sprite" parent="."]
texture = ExtResource( 2 )
offset = Vector2( 1.981, -5.771 )

[node name="CollisionShape2D" type="CollisionShape2D" parent="."]
position = Vector2( 0, -0.566811 )
scale = Vector2( 1, 0.97656 )
shape = SubResource( 1 )

[node name="AnimationPlayer" type="AnimationPlayer" parent="."]
anims/Duck = SubResource( 2 )
anims/Duck_backw = SubResource( 3 )
anims/Hit = SubResource( 4 )
anims/Idle = SubResource( 5 )
anims/Jump = SubResource( 6 )
anims/Run = SubResource( 7 )
anims/Throw = SubResource( 8 )

[node name="CollisionShape2D2" type="CollisionShape2D" parent="."]
position = Vector2( -0.128513, 2.12435 )
rotation = 1.56908
scale = Vector2( 1.24, 1 )
shape = SubResource( 9 )

[node name="throwPos" type="Position2D" parent="."]
position = Vector2( 10.8553, -4.5 )
[connection signal="animation_finished" from="AnimationPlayer" to="." method="_on_AnimationPlayer_animation_finished"]
